 Dungeon Crawl Stone Soup version 0.30-a0-1085-g990a428a5c (webtiles) character file.

Game seed: 16569996995014683654

26826 Sabo the Severer (level 13, -8/116 HPs)
             Began as a Minotaur Monk on Apr 2, 2023.
             Was a High Priest of Qazlal.
             Mangled by a deep troll (13 damage)
             ... led by an ironbound preserver
             ... on level 1 of the Vaults on Apr 16, 2023.
             The game lasted 01:29:16 (16264 turns).

Sabo the Severer (Minotaur Monk)                   Turns: 16264, Time: 01:29:16

Health: -8/116     AC: 24    Str: 19    XL:     13   Next: 1%
Magic:  12/12      EV: 11    Int:  7    God:    Qazlal [*****.]
Gold:   337        SH: 12    Dex: 21    Spells: 12/12 levels left

rFire   . . .      SeeInvis .    H - +9 battleaxe
rCold   + . .      Faith    .    (shield currently unavailable)
rNeg    + . .      Spirit   .    u - +4 chain mail of Ocenun {*Slow rC+ Will+ Dex+3}
rPois   .          Reflect  +    k - +1 hat
rElec   .          Rampage  .    J - +0 cloak
rCorr   +                        y - +0 pair of gloves
Will    +....                    L - +0 pair of boots Stlth
                                 d - amulet of reflection
HPRegen 0.39/turn                B - ring of Taterr {rCorr Dex+3}
MPRegen 0.13/turn                O - ring of positive energy

@: protected from physical damage, repel missiles
A: horns 2, retaliatory headbutt
a: Renounce Religion, Upheaval, Elemental Force, Disaster Area


You were on level 1 of the Vaults.
You worshipped Qazlal.
Qazlal was extremely pleased with you.
You visited 2 branches of the dungeon, and saw 15 of its levels.

You collected 795 gold pieces.
You spent 458 gold pieces at shops.

Inventory:

Hand Weapons
 a - a +2 spectral quarterstaff
 F - a +3 sling
 G - a +3 spear
 H - a +9 battleaxe (weapon)
 I - a +3 scimitar
Missiles
 i - 8 boomerangs (quivered)
Armour
 f - the +0 chain mail "Fuest" {rElec Will- Regen+ Str+7}
   (You took it off an orc warrior on level 7 of the Dungeon)

   Str:       It affects your strength (+7).
   rElec:     It insulates you from electricity.
   Regen:     It increases your rate of health regeneration.
   Will:      It decreases your willpower.
 k - a +1 hat (worn)
 u - the +4 chain mail of Ocenun (worn) {*Slow rC+ Will+ Dex+3}
   (You bought it in a shop on level 10 of the Dungeon)

   Dex:       It affects your dexterity (+3).
   rC:        It protects you from cold.
   *Slow:     It may slow you when you take damage.
   Will:      It increases your willpower.
 y - a +0 pair of gloves (worn)
 J - a +0 cloak (worn)
 L - a +0 pair of boots (worn)
 P - a +2 buckler
Jewellery
 d - an amulet of reflection (around neck)
 B - the ring of Taterr (left hand) {rCorr Dex+3}
   (You acquired it on level 13 of the Dungeon)

   [ring of resist corrosion]

   Dex:       It affects your dexterity (+3).
   rCorr:     It protects you from acid and corrosion.
 O - a ring of positive energy (right hand)
 R - the ring "Hakineozxe" {Contam Fly rPois Str+9 Int-4}
   (You found it on level 14 of the Dungeon)

   [ring of flight]

   Str:       It affects your strength (+9).
   Int:       It affects your intelligence (-4).
   rPois:     It protects you from poison.
   Fly:       It grants you flight.
   Contam:    It causes magical contamination when unequipped.
Wands
 c - a wand of paralysis (5)
 e - a wand of roots (14)
 s - a wand of mindburst (17)
 A - a wand of flame (29)
 E - a wand of quicksilver (9)
Scrolls
 h - 3 scrolls of blinking
 j - a scroll of magic mapping
 l - 3 scrolls of teleportation
 x - 4 scrolls of fog
 z - 4 scrolls of poison
 K - a scroll of fear
 M - 2 scrolls of enchant weapon
 Q - a scroll of silence
Potions
 b - 3 potions of flight
 m - 2 potions of haste
 n - 5 potions of resistance
 o - 3 potions of might
 p - 5 potions of curing
 q - a potion of cancellation {unknown}
 r - 2 potions of berserk rage
 t - 2 potions of mutation
 v - a potion of invisibility
 N - a potion of brilliance {unknown}
Miscellaneous
 w - a piece from Xom's chessboard (15/15)


   Skills:
 + Level 11.5 Fighting
 + Level 17.4 Axes
 + Level 2.1 Throwing
 + Level 11.6 Armour
 + Level 5.4 Dodging
 + Level 2.9 Stealth
 + Level 10.3 Shields


You had 12 spell levels left.
You didn't know any spells.
Your spell library contained the following spells:

 Spells                   Type           Power      Damage    Failure   Level
 Kiss of Death            Conj/Necr      0%         2d5       95%         1
 Magic Dart               Conj           0%         1d3       95%         1
 Blink                    Tloc           0%         N/A       98%         2
 Searing Ray              Conj           0%         2d4       98%         2
 Confusing Touch          Hex            0%         N/A       100%        3
 Dazzling Flash           Conj/Hex       0%         N/A       100%        3
 Frozen Ramparts          Ice            0%         1d1       100%        3
 Ozocubu's Armour         Ice            0%         N/A       100%        3
 Volatile Blastmotes      Fire/Tloc      0%         2d10      100%        3
 Animate Dead             Necr           0%         N/A       100%        4
 Dispel Undead            Necr           0%         3d6       100%        4
 Fulminant Prism          Conj/Hex       0%         3d5       100%        4
 Ice Form                 Ice/Tmut       0%         N/A       100%        4
 Iskenderun's Mystic Bla  Conj/Tloc      0%         2d3       100%        4
 Manifold Assault         Tloc           0%         N/A       100%        4
 Summon Ice Beast         Ice/Summ       0%         N/A       100%        4
 Agony                    Necr           0%         N/A       100%        5
 Lee's Rapid Deconstruct  Erth           0%         3d4*      100%        5
 Silence                  Hex/Air        0%         N/A       100%        5
 Haunt                    Necr/Summ      0%         N/A       100%        7
 Ozocubu's Refrigeration  Ice            0%         4d7       100%        7
 Storm Form               Tmut/Air       0%         N/A       100%        7
 Infestation              Necr           0%         N/A       100%        8


Dungeon Overview and Level Annotations

Branches:
Dungeon (14/15)            Temple (0/1) D:4            Lair (0/5) D:8
    Orc (0/2) D:11         Vaults (1/5) D:13

Altars:
Dithmenos
Elyvilon
Fedhas
Hepliaklqana
Kikubaaqudgha
Makhleb
Nemelex Xobeh
Okawaru
Qazlal
Sif Muna
Trog
Vehumet
Xom
The Shining One

Shops:
D:6 (   D:8 ?   D:10 [   D:13 ?


Innate Abilities, Weirdness & Mutations

You have a pair of horns on your head.
You reflexively headbutt those who attack you in melee.


Message History

The deep troll bites you but does no damage.
The deep troll claws you but does no damage.
You block the deep troll's attack.
You closely miss the deep troll.
The deep troll is moderately wounded.
The deep troll bites you but does no damage.
You block the deep troll's attack. The deep troll barely misses you.
You hit the deep troll.
The deep troll is moderately wounded.
You block the deep troll's attack.
The deep troll claws you but does no damage.
The deep troll completely misses you.
You barely miss the deep troll.
The deep troll is moderately wounded.
You slice the deep troll!!
The deep troll is severely wounded.
You block the deep troll's attack.
The deep troll claws you but does no damage.
The deep troll barely misses you.
You closely miss the deep troll. Your headbutt misses the deep troll.
The deep troll is severely wounded.
The deep troll closely misses you. You block the deep troll's attack. x2
You barely miss the deep troll.
The deep troll is severely wounded.
The deep troll bites you but does no damage.
The deep troll barely misses you. You block the deep troll's attack.
You hit the deep troll.
The deep troll is severely wounded.
The deep troll bites you!
* * * LOW HITPOINT WARNING * * *
The deep troll claws you but does no damage. x2
You slash the deep troll! You headbutt the deep troll.
The deep troll is almost dead.
The deep troll bites you.
* * * LOW HITPOINT WARNING * * *
You feel more protected from physical attacks.
The deep troll claws you!
* * * LOW HITPOINT WARNING * * *
The deep troll claws you!
You die...

#########
#.......#
#.......#
#$......+
#.○○....#
+.○..∩°.#
#...@†°.#
#..T.§..#
#...○○..#
#..$....#
#.......#
#.......#
+.......#
#.......#


You could see a deep troll.

Vanquished Creatures
  An ironbound preserver (Vaults:1)
  A centaur warrior (D:14)
  4 two-headed ogres
  The ghost of dufus the Fighter, a novice BaMo (D:9)
  2 deep trolls (Vaults:1)
  A swamp dragon (shapeshifter) (D:13)
  Pikel (D:9)
  A deep elf pyromancer (D:13)
  The ghost of CowFu the Ruffian, a novice DrTm of Wu Jian (D:7)
  5 ugly things (D:14)
  2 cyclopes
  Joseph (D:9)
  Maurice (D:9)
  6 gargoyles
  An unseen horror (D:11)
  2 efreet
  8 trolls
  Grinder (D:4)
  A hornet (D:9)
  A raiju (shapeshifter) (D:13)
  Sigmund (D:4)
  A vampire (D:9)
  A wyvern (D:9)
  A wraith (D:11)
  A human (D:8)
  2 basilisks
  4 hogs (D:8)
  27 yaks
  A steam dragon (D:8)
  Grum (D:9)
  A warg (D:7)
  6 vampire mosquitoes
  2 acid dragons (D:8)
  Duvessa (D:4)
  2 black bears
  8 orc warriors
  A black bear (shapeshifter) (D:13)
  A sky beast (D:6)
  3 wolves (D:9)
  2 ogres (D:11)
  3 lemures (D:9)
  6 centaurs
  A phantom (D:7)
  Blork the orc (D:4)
  3 kobold brigands
  5 bullfrogs
  A gnoll sergeant (D:11)
  7 wights
  Dowan (D:4)
  8 killer bees
  2 vampire bats (D:14)
  5 howler monkeys
  2 hounds (D:5)
  3 jellies
  6 orc priests
  A sleepcap (D:4)
  Natasha (thrice) (D:4)
  An iguana (D:6)
  9 orc wizards
  Ijyb (D:4)
  Robin (D:4)
  9 gnolls
  11 adders
  2 shadow imps
  A white imp (D:8)
  3 ufetubi (D:4)
  3 worms
  2 dart slugs
  24 orcs
  6 endoplasms
  5 giant cockroaches
  9 hobgoblins
  18 kobolds
  2 quokkas
  5 ball pythons
  8 bats
  A frilled lizard (D:1)
  10 goblins
  10 rats
308 creatures vanquished.

Vanquished Creatures (others)
  3 demonic plants (D:4)
  2 fungi (D:14)
  7 plants
12 creatures vanquished.

Grand Total: 320 creatures vanquished

Notes
Turn   | Place    | Note
-------+----------+-------------------------------------------
     0 | D:1      | Sabo the Minotaur Monk began the quest for the Orb.
     0 | D:1      | Reached XP level 1. HP: 19/19 MP: 0/0
   275 | D:1      | Found a faded altar of an unknown god.
   394 | D:1      | Reached skill level 4 in Axes
   424 | D:1      | Reached XP level 2. HP: 27/27 MP: 1/1
   848 | D:2      | Reached XP level 3. HP: 24/33 MP: 2/2
  1472 | D:3      | Reached XP level 4. HP: 41/41 MP: 3/3
  1521 | D:3      | Reached skill level 5 in Axes
  2003 | D:3      | Found a bloodstained altar of Trog.
  2120 | D:3      | Found a shimmering blue altar of Sif Muna.
  2120 | D:3      | Found a stormy altar of Qazlal.
  2137 | D:3      | Became a worshipper of Qazlal Stormbringer
  2137 | D:3      | Reached * piety under Qazlal
  2137 | D:3      | Reached ** piety under Qazlal
  2513 | D:4      | Noticed a black bear
  2522 | D:4      | Killed a black bear
  2523 | D:4      | Reached skill level 1 in Throwing
  2523 | D:4      | Reached skill level 1 in Armour
  2523 | D:4      | Reached skill level 1 in Shields
  2523 | D:4      | Reached XP level 5. HP: 34/47 MP: 4/4
  2762 | D:4      | Reached XP level 6. HP: 46/55 MP: 5/5
  2820 | D:4      | Noticed Sigmund
  2851 | D:4      | Killed Sigmund
  2852 | D:4      | Reached skill level 5 in Fighting
  2852 | D:4      | Reached skill level 6 in Axes
  3013 | D:4      | Noticed Natasha
  3024 | D:4      | Killed Natasha
  3068 | D:4      | Noticed Grinder
  3074 | D:4      | Paralysed by Grinder for 2 turns
  3085 | D:4      | Paralysed by Grinder for 2 turns
  3088 | D:4      | Reached XP level 7. HP: 37/61 MP: 6/6
  3098 | D:4      | Killed Grinder
  3268 | D:4      | Noticed Ijyb
  3275 | D:4      | Killed Ijyb
  3303 | D:4      | Noticed Natasha
  3311 | D:4      | Killed Natasha
  3375 | D:4      | Noticed Duvessa
  3375 | D:4      | Noticed Dowan
  3376 | D:4      | Found a staircase to the Ecumenical Temple.
  3395 | D:4      | Killed Dowan
  3403 | D:4      | Killed Duvessa
  3404 | D:4      | Reached skill level 7 in Axes
  3404 | D:4      | Reached skill level 5 in Armour
  3523 | D:4      | Noticed Natasha
  3530 | D:4      | Killed Natasha
  3670 | D:4      | Noticed Blork the orc
  3675 | D:4      | Reached XP level 8. HP: 68/69 MP: 7/7
  3676 | D:4      | Noticed Robin
  3688 | D:4      | Killed Robin
  3698 | D:4      | Killed Blork the orc
  3963 | D:5      | Entered Level 5 of the Dungeon
  4074 | D:5      | Reached *** piety under Qazlal
  4416 | D:5      | Found a shadowy altar of Dithmenos.
  4454 | D:5      | Reached skill level 8 in Axes
  4454 | D:5      | Reached skill level 5 in Shields
  5017 | D:6      | Found an ancient bone altar of Kikubaaqudgha.
  5040 | D:6      | Reached skill level 9 in Axes
  5623 | D:6      | Found Mad Dera's Antique Weapon Boutique.
  5646 | D:6      | Found a white marble altar of Elyvilon.
  5866 | D:6      | Reached XP level 9. HP: 75/75 MP: 8/8
  6579 | D:7      | Noticed a gargoyle
  6586 | D:7      | Killed a gargoyle
  6767 | D:7      | Noticed a gargoyle
  6770 | D:7      | Killed a gargoyle
  6771 | D:7      | Reached skill level 10 in Axes
  6829 | D:7      | Noticed a gargoyle
  6833 | D:7      | Killed a gargoyle
  6974 | D:7      | Noticed a gargoyle
  6978 | D:7      | Killed a gargoyle
  7052 | D:7      | Noticed a gargoyle
  7054 | D:7      | Killed a gargoyle
  7055 | D:7      | Reached skill level 11 in Axes
  7229 | D:7      | Reached XP level 10. HP: 75/84 MP: 9/9
  7245 | D:7      | Reached **** piety under Qazlal
  7536 | D:7      | Found a glowing golden altar of the Shining One.
  7608 | D:7      | Found a runed translucent gate.
  7608 | D:7      | Noticed CowFu's ghost (novice DrTm)
  7609 | D:7      | Found a runed translucent gate.
  7609 | D:7      | Identified the +0 chain mail "Fuest" {rElec Will- Regen+
                  | Str+7}
  7612 | D:7      | Found a runed translucent gate.
  7999 | D:7      | Killed CowFu's ghost
  8000 | D:7      | Reached skill level 12 in Axes
  8000 | D:7      | Reached skill level 5 in Dodging
  8126 | D:7      | Upgraded the game from 0.30-a0-989-g0d87f670db to
                  | 0.30-a0-996-ga6910c8ee8
  8168 | D:8      | Found a transporter.
  8402 | D:8      | Found a staircase to the Lair.
  8420 | D:8      | Identified the +2 robe of Disappointment {-Cast Rampage
                  | Fly}
  8695 | D:8      | Found a transporter.
  9073 | D:8      | Found Annel's Magic Scroll Shop.
  9078 | D:8      | Bought a scroll of identify for 28 gold pieces
  9078 | D:8      | Bought a scroll of identify for 28 gold pieces
  9078 | D:8      | Bought a scroll of identify for 28 gold pieces
  9156 | D:8      | Found a shimmering altar of Xom.
  9331 | D:9      | Reached skill level 13 in Axes
  9374 | D:9      | Noticed Pikel
  9385 | D:9      | Killed Pikel
  9637 | D:9      | Noticed Joseph
  9638 | D:9      | Reached XP level 11. HP: 78/94 MP: 10/10
  9640 | D:9      | Noticed Grum
  9643 | D:9      | Killed Joseph
  9652 | D:9      | Killed Grum
  9764 | D:9      | Found a sparkling altar of Nemelex Xobeh.
  9811 | D:9      | Noticed Maurice
  9821 | D:9      | Reached ***** piety under Qazlal
  9827 | D:9      | Killed Maurice
 10032 | D:9      | Found a hazy altar of Hepliaklqana.
 10111 | D:9      | Found a radiant altar of Vehumet.
 10244 | D:9      | Found a runed translucent door.
 10246 | D:9      | Noticed dufus's ghost (novice BaMo)
 10298 | D:9      | Killed dufus's ghost
 10299 | D:9      | Reached skill level 14 in Axes
 10400 | D:10     | Entered Level 10 of the Dungeon
 10400 | D:10     | Found Ihuapp's Antique Armour Boutique.
 10405 | D:10     | Bought a faintly humming chain mail for 294 gold pieces
 10405 | D:10     | Identified the +4 chain mail of Ocenun {*Slow rC+ Will+
                  | Dex+3} (You bought it in a shop on level 10 of the Dungeon)
 10755 | D:10     | Found a burning altar of Makhleb.
 10817 | D:10     | Reached skill level 15 in Axes
 10820 | D:10     | Reached skill level 10 in Armour
 10829 | D:10     | Upgraded the game from 0.30-a0-996-ga6910c8ee8 to
                  | 0.30-a0-1043-g60ff8d5f49
 10838 | D:10     | Noticed a two-headed ogre
 10843 | D:10     | Killed a two-headed ogre
 11478 | D:11     | Found a staircase to the Orcish Mines.
 11750 | D:11     | Reached XP level 12. HP: 99/106 MP: 11/11
 11751 | D:11     | Reached skill level 10 in Fighting
 12654 | D:11     | You fall into a shaft and drop 3 floors!
 12655 | D:14     | Found an iron altar of Okawaru.
 12697 | D:14     | Noticed a centaur warrior
 12705 | D:14     | Killed a centaur warrior
 12706 | D:14     | Reached skill level 16 in Axes
 13356 | D:14     | Identified the ring "Hakineozxe" {Contam Fly rPois Str+9
                  | Int-4}
 13417 | D:14     | Found a blossoming altar of Fedhas.
 13501 | D:13     | Noticed a two-headed ogre
 13511 | D:13     | Killed a two-headed ogre
 13953 | D:13     | Reached skill level 17 in Axes
 14530 | D:12     | Reached skill level 10 in Shields
 15224 | D:12     | Noticed a two-headed ogre
 15230 | D:12     | Killed a two-headed ogre
 15630 | D:13     | Found a gate to the Vaults.
 15734 | D:13     | Noticed a two-headed ogre
 15747 | D:13     | Killed a two-headed ogre
 15953 | D:13     | Found Kixetz's Magic Scroll Emporium.
 15965 | D:13     | Bought a scroll of identify for 32 gold pieces
 16055 | D:13     | Identified a scroll of acquirement
 16055 | D:13     | Acquired the ring of Taterr {rCorr Dex+3}
 16198 | D:13     | Upgraded the game from 0.30-a0-1043-g60ff8d5f49 to
                  | 0.30-a0-1085-g990a428a5c
 16222 | D:13     | Bought a scroll of teleportation for 48 gold pieces
 16245 | Vaults:1 | Entered Level 1 of the Vaults
 16245 | Vaults:1 | Noticed an ironbound preserver
 16255 | Vaults:1 | Killed an ironbound preserver
 16256 | Vaults:1 | Reached XP level 13. HP: 26/116 MP: 12/12
 16264 | Vaults:1 | HP: 5/116 [deep troll[an ironbound preserver] (8)]
 16264 | Vaults:1 | Mangled by a deep troll

Illustrated notes

Levels and vault maps discovered:
D:1:      lemuel_arrival_broad_hall, layout_rooms,
          hellmonk_ecumenical_altar_zigzags, st_stairs_2
D:2:      layout_rooms, hangedman_decor_growths, serial_park_tiny_2,
          skrybe_limestone_x
D:3:      layout_loops_ring, nicolae_overflow_two_pavilions, bloody_trog,
          minmay_misc_feat_rugged, nicolae_hexahallways, minmay_misc_feat_room,
          chequers_garden
D:4:      layout_cave_pools, minmay_temple_entry_overgrown, serial_demonic,
          serial_demonic_f, serial_demonic_c, serial_demonic_b,
          serial_demonic_b, uniq_grinder, uniq_blork_the_orc, uniq_natasha,
          uniq_duvessa, uniq_ijyb, uniq_sigmund, uniq_robin
D:5:      layout_loops_ring, nicolae_dithmenos_shadow_blocks,
          serial_bayou_pond_c
D:6:      layout_gridville, nicolae_overflow_hidden_temple,
          kiku_gazebo_pond_becter, serial_shops, nicolae_shop_trees,
          serial_glass, glass_columns_b, glass_columns_b,
          minmay_strange_pillars, chequers_serial_rivers_small_b
D:7:      cheibrodos_statue_roulette, layout_basic,
          mainiacjoe_overflow_brackets, biasface_ghost_orc_armoury
D:8:      gammafunk_cloud_chamber, layout_loops_corners,
          yredelemnul_forgotten_temple_becter, kennysheep_little_box,
          dpeg_oklobed_lair, serial_shops, nicolae_shop_hallway_plus,
          grunt_livestock
D:9:      layout_cave_pools, nemelex_diamond_rough_becter,
          mainiacjoe_overflow_alcove_1, nicolae_hepliaklqana_hippocampus,
          ebering_ghost_inner_flame, uniq_grum, uniq_maurice, uniq_joseph,
          uniq_pikel
D:10:     layout_long_grid, lightli_temple_of_fire, serial_shops,
          nicolae_stop_n_shop_1, hangedman_abyss_or_decor_stagger
D:11:     layout_basic, orc_0_dummy, special_room [special_room_orc],
          minivault_22
D:12:     layout_stronghold, hellmonk_bongcloud_opening
D:13:     nicolae_whirlpool, layout_rooms, david_vaults_2, serial_shops, shop
D:14:     layout_loops_ring, okawaru_ov_weapons_minmay, roderic_batcave,
          fedhas_altar_3
Vaults:1: v_rooms_6, v_pattern_1, nicolae_vaults_branching_niches, v_misc_19,
          vaults_dpeg_ring, not_door_vault_mu, nicolae_vaults_big_angled_halls,
          ontoclasm_vaults_twist, nicolae_vaults_network_square,
          nicolae_vaults_rhombus_6, vaults_room_corners,
          layout_vaults_maze_snakey

Skill      XL: |  1  2  3  4  5  6  7  8  9 10 11 12 |
---------------+-------------------------------------+-----
Axes           | 4 5 6 7 9 11 13 15 17 | 17.4
Fighting       | 4 5 6 8 9 11 | 11.5
Throwing       | 1 2 |  2.1
Armour         | 1 2 3 5 6 7 9 10 11 | 11.6
Shields        | 1 2 4 5 7 8 9 10 | 10.3
Dodging        | 4 5 |  5.4
Stealth        | 2 |  2.9

Action                     |  1- 3 |  4- 6 |  7- 9 | 10-12 | 13-15 || total
---------------------------+-------+-------+-------+-------+-------++-------
  Melee: Hand axe          |    64 |   106 |   212 |       |       ||   382
         Headbutt          |    14 |    17 |    53 |    93 |     1 ||   178
         Battleaxe         |       |       |    43 |   351 |     9 ||   403
  Throw: Boomerang         |    18 |     9 |       |       |       ||    27
    Use: Scroll            |     3 |     1 |    11 |    13 |       ||    28
         Potion            |       |       |       |     6 |       ||     6
 Armour: Scale mail        |     7 |     5 |       |       |       ||    12
         Chain mail        |       |    46 |    55 |   142 |     8 ||   251
         Plate armour      |       |       |     2 |    10 |       ||    12
  Dodge: Dodged            |    29 |    42 |    45 |   146 |     5 ||   267
         Repelled          |       |       |       |     4 |       ||     4
  Block: Other             |    11 |    19 |    17 |   225 |     7 ||   279
         Buckler           |       |    22 |    68 |       |       ||    90
         Kite shield       |       |       |   117 |       |       ||   117
         Reflection        |       |       |     6 |    20 |       ||    26

Table legend: (Time is in decaauts)
 A = Elapsed time spent in this place.
 B = Non-inter-level travel time spent in this place.
 C = Inter-level travel time spent in this place.
 D = Time resting spent in this place.
 E = Time spent auto-exploring this place.
 F = Levels seen in this place.
 G = Mean time per level.
                   A        B        C        D        E       F      G
               +--------+--------+--------+--------+--------+-----+--------+
         Total |  16293 |  16293 |      0 |   3645 |      0 |  15 | 1086.2 |
       Dungeon |  16277 |  16277 |      0 |   3645 |      0 |  14 | 1162.6 |
        Vaults |     16 |     16 |      0 |      0 |      0 |   1 |   16.0 |
               +--------+--------+--------+--------+--------+-----+--------+

Top non-repeatable levels by time:
     D:7: 1726 daAuts
     D:6: 1613 daAuts
     D:4: 1453 daAuts
    D:12: 1443 daAuts
    D:11: 1382 daAuts
     D:8: 1230 daAuts
     D:3: 1169 daAuts
    D:13: 1143 daAuts
     D:9: 1044 daAuts
    D:10: 1026 daAuts
     D:5: 850 daAuts
    D:14: 836 daAuts
     D:2: 813 daAuts
     D:1: 541 daAuts
Vaults:1: 16 daAuts
